Map: Port Aleksander LE

Players

PiLiPiLi

  • Race: Protoss Protoss
  • League: Master
  • Spawn Location: 5:00

scarlett - Winner!

  • Race: Zerg Zerg
  • Spawn Location: 11:00

Event: 2019 WCS Winter Americas

VOD

Have the link to the VOD?

Description

Time

  • Played on: Feb. 1, 2019, 12:55 p.m.
  • Length: 9:22

All games in this series

Show
View Real Time Build Order
Export as new Build Order

PiLiPiLi Protoss 

Build Orders: 1 Gate Expand, Oracle Opening, Phoenix Opening, Mass Phoenix 

Get SALT Encoding   

  12  0:01  Probe  
  13  0:13  Probe  
  14  0:20  Pylon  
  14  0:25  Probe  
  15  0:35  Probe  
  15  0:39  Gateway  
  16  0:43  Probe  
  17  0:52  Assimilator  
  17  0:53  Probe  
  18  1:05  Probe  
  19  1:21  Nexus  
  19  1:25  Probe  
  20  1:38  Cybernetics Core  
  20  1:39  Probe  
  21  1:45  Assimilator  
  21  1:51  Probe  
  22  1:56  Pylon  
  22  2:03  Probe  
  22  2:05  Adept  
  23  2:15  Probe  
  26  2:20  Stargate  
  26  2:27  Probe  
  27  2:30  Warp Gate  
  27  2:33  Probe  
  28  2:39  Adept, Probe  
  31  2:45  Probe  
  32  2:51  Probe  
  32  2:55  Oracle  
  32  2:58  Probe  
  34  3:04  Probe  
  38  3:10  Probe  
  39  3:16  Probe  
  39  3:17  Gateway  
  40  3:20  Shield Battery  
  40  3:22  Probe  
  40  3:24  Phoenix  
  41  3:28  Probe  
  45  3:34  Probe  
  45  3:40  Probe  
  46  3:46  Assimilator  
  46  3:48  Assimilator  
  46  3:49  Pylon  
  46  3:51  Pylon  
  46  4:00  Phoenix  
  46  4:03  Stargate  
  46  4:07  Probe x2  
  50  4:16  Pylon  
  50  4:19  Probe x2  
  50  4:22  Adept x2  
  56  4:31  Phoenix, Probe  
  58  4:35  Probe, Pylon  
  60  4:45  Nexus  
  60  4:46  Probe  
  60  4:52  Phoenix  
  63  4:54  Probe  
  63  4:56  Phoenix  
  63  4:58  Probe  
  65  5:06  Probe  
  68  5:10  Probe  
  68  5:12  Phoenix  
  68  5:14  Phoenix  
  73  5:22  Pylon  
  73  5:23  Probe  
  73  5:24  Probe  
  75  5:32  Phoenix x2  
  75  5:35  Adept, Probe  
  82  5:46  Shield Battery x2  
  82  5:54  Adept  
  82  5:55  Void Ray, Stalker  
  86  5:59  Robotics Facility  
  90  6:12  Shield Battery  
  90  6:13  Shield Battery  
  90  6:15  Adept  
  92  6:22  Stalker  
  92  6:23  Shield Battery  
  92  6:24  Shield Battery  
  89  6:33  Probe x2  
  89  6:35  Gateway  
  89  6:37  Gateway  
  85  6:43  Probe, Immortal  
  85  6:45  Probe  
  85  6:48  Adept x2  
  85  6:53  Probe  
  94  6:55  Probe  
  95  7:01  Probe  
  95  7:02  Twilight Council  
  96  7:10  Adept x2  
  98  7:18  Probe  
  98  7:19  Probe  
  98  7:20  Pylon  
  100  7:26  Immortal  
  100  7:30  Charge  
  100  7:32  Gateway  
  100  7:34  Gateway  
  100  7:37  Pylon  
  100  7:38  Pylon  
  100  7:42  Templar Archives  
  102  7:54  Zealot x3  
  102  7:56  Zealot  
  110  8:00  Gateway  
  110  8:02  Gateway  
  110  8:05  Gateway  
  110  8:13  Immortal  
  110  8:19  High Templar  
  116  8:20  High Templar x3  
  116  8:23  Shield Battery, Archon  
  116  8:25  Archon  
  122  8:36  Zealot  
  122  8:41  Pylon  
  124  8:46  Pylon  
  119  8:52  Zealot x3  
  75  9:04  Zealot x4  
  75  9:05  Zealot x2  
  73  9:13  Zealot x3  
Show
View Real Time Build Order
Export as new Build Order

scarlett Zerg - Winner!

Build Orders: Hatch First 

Get SALT Encoding   

  12  0:00  Drone  
  13  0:12  Overlord  
  13  0:17  Drone  
  14  0:30  Drone x2  
  16  0:48  Hatchery  
  15  0:52  Drone  
  15  0:56  Drone  
  17  0:59  Drone  
  18  1:10  Extractor  
  17  1:14  Spawning Pool  
  17  1:18  Drone  
  17  1:21  Drone  
  18  1:28  Drone  
  19  1:39  Drone  
  20  1:49  Drone  
  21  2:00  Overlord  
  21  2:02  Queen x2, Zergling x2  
  26  2:10  Metabolic Boost  
  26  2:13  Drone  
  26  2:14  Drone  
  28  2:23  Drone x2  
  30  2:36  Hatchery  
  29  2:42  Drone x2  
  31  2:46  Drone  
  31  2:47  Overlord  
  32  2:56  Zergling x2  
  33  2:58  Queen  
  33  3:05  Drone  
  36  3:09  Drone x4  
  40  3:13  Drone x2  
  40  3:16  Overlord  
  42  3:20  Drone x2  
  44  3:36  Queen, Spore Crawler  
  44  3:40  Drone x4  
  49  3:47  Drone  
  50  3:48  Queen  
  50  3:51  Spore Crawler  
  50  3:53  Overlord  
  51  3:58  Extractor, Drone  
  51  3:59  Extractor  
  51  4:01  Drone x2  
  52  4:03  Drone x3  
  52  4:04  Drone  
  52  4:08  Overlord  
  56  4:12  Lair  
  56  4:18  Roach Warren  
  56  4:23  Drone x3  
  58  4:26  Overlord  
  58  4:28  Drone x2  
  60  4:31  Drone x2  
  62  4:38  Overlord  
  62  4:39  Drone x3  
  62  4:44  Overlord x2  
  65  4:48  Drone, Overlord  
  66  4:54  Drone x3  
  66  4:58  Drone x3  
  72  5:00  Drone x2  
  72  5:03  Overlord  
  72  5:05  Roach  
  76  5:07  Extractor  
  76  5:08  Roach  
  76  5:11  Roach x2  
  81  5:17  Roach x3  
  81  5:18  Roach  
  89  5:22  Glial Reconstitution  
  89  5:28  Overlord, Roach  
  89  5:29  Roach x3  
  89  5:34  Spore Crawler x2  
  95  5:38  Spore Crawler  
  94  5:43  Zergling x12  
  94  5:48  Zergling x2  
  99  5:53  Zergling x12  
  99  5:56  Zergling x2  
  106  6:01  Overlord x4  
  106  6:05  Overlord  
  106  6:08  Hydralisk Den  
  103  6:13  Zergling x4  
  99  6:31  Zergling x26  
  99  6:32  Queen  
  97  6:44  Muscular Augments  
  92  6:50  Hydralisk x5  
  101  6:54  Hydralisk  
  101  6:55  Hydralisk  
  105  7:01  Hydralisk  
  105  7:02  Hydralisk x3  
  105  7:08  Hydralisk x6  
  120  7:20  Hydralisk x3  
  125  7:23  Overlord x2  
  123  7:36  Overlord x3  
  123  7:39  Overlord x3  
  123  7:45  Hydralisk x4  
  131  7:53  Hydralisk  
  131  7:54  Hydralisk x2  
  131  7:55  Grooved Spines  
  137  7:58  Hydralisk x2  
  137  8:03  Hydralisk x2  
  145  8:06  Hydralisk  
  145  8:10  Hydralisk  
  145  8:12  Zergling x10  
  154  8:18  Zergling x2  
  154  8:19  Zergling x8  
  159  8:26  Zergling x8  
  163  8:30  Zergling x2  
  164  8:35  Hatchery  
  164  8:36  Zergling x4  
  165  8:43  Zergling x10  
  157  8:53  Hydralisk x4  
  157  8:54  Zergling x2  
  142  9:02  Zergling x2  
Tags
 
Add a new tag
Caveats
  • Supply blocks, unpowered buildings, or Contaminate may cause inaccurate times.
  • Supply counts are checked every 10 seconds.